| TOP OF THE 1ST |
|
Louisiana State University Tigers batting - Pitching for Mississippi State University Bulldogs : RHP Reginald Bamber
|
|
Pitching: RHP Reginald Bamber
|
|
|
Batting: LHB John Carter
|
0-0: Ball 1-0: Called Strike 1-1: Called Strike 1-2: Ball 2-2: Reached on error, E4 (Groundball, 4, EV 95.0 MPH)
|
|
Batting: LHB Manny Grado
|
0-0: Called Strike John Carter steals 2nd base 0-1: Ball 1-1: Ball 2-1: Ground out 4-3 (Groundball, 4, EV 79.4 MPH) John Carter to third
|
|
Batting: RHB Byung-hee Jee
|
0-0: Ball 1-0: Ground out 4-3 (Groundball, 4, EV 108.1 MPH) John Carter scores
|
|
Batting: RHB Zachary Acker
|
0-0: Called Strike 0-1: Ball 1-1: Called Strike 1-2: Foul Ball, location: 2F 1-2: Ball 2-2: DOUBLE (Flyball, 8RXD, EV 105.0 MPH)
|
|
Batting: RHB Steve McCoig
|
0-0: Called Strike 0-1: Ball 1-1: Foul Ball, location: 2F 1-2: Ball 2-2: Ball 3-2: Foul Ball, location: 2F 3-2: SINGLE (Groundball, 56D, EV 96.2 MPH) Zachary Acker to third
|
|
Batting: RHB Michael Maier
|
0-0: Fly out, F8 (Flyball, 89M, EV 89.4 MPH)
|
| Top of the 1st over - 1 run, 2 hits, 1 error, 2 left on base; Louisiana State University 1 - Mississippi State University 0 |
| BOTTOM OF THE 1ST |
|
Mississippi State University Bulldogs batting - Pitching for Louisiana State University Tigers : LHP Logan Corrigan
|
|
Pitching: LHP Logan Corrigan
|
|
|
Batting: LHB Adrian Navarro
|
0-0: Called Strike 0-1: Ball 1-1: Ball 2-1: Swinging Strike 2-2: Ball 3-2: Ground out 1-3 (Groundball, P, EV 64.4 MPH)
|
|
Batting: RHB Jason Rhodes
|
0-0: Ball 1-0: Called Strike 1-1: Called Strike 1-2: Strikes out swinging
|
|
Batting: RHB Alexis Gallegos
|
0-0: Ball 1-0: Called Strike 1-1: Ball 2-1: Ground out 5-3 (Groundball, 5S, EV 85.6 MPH)
|
| Bottom of the 1st over - 0 runs, 0 hits, 0 errors, 0 left on base; Louisiana State University 1 - Mississippi State University 0 |
| TOP OF THE 2ND |
|
Louisiana State University Tigers batting - Pitching for Mississippi State University Bulldogs : RHP Reginald Bamber
|
|
Batting: SHB Graham Beamish
|
0-0: Called Strike 0-1: Foul Ball, location: 2F 0-2: Ball 1-2: Foul Ball, location: 2F 1-2: Ground out 6-3 (Groundball, 56, EV 111.2 MPH)
|
|
Batting: SHB Stone Fraser
|
0-0: Called Strike 0-1: Ball 1-1: Foul Ball, location: 2F 1-2: Ball 2-2: Foul Ball, location: 2F 2-2: Ball 3-2: Foul Ball, location: 2F 3-2: Base on Balls
|
|
Batting: LHB Earl Silver
|
Pickoff Throw to First - Out! 1-3 0-0: Ball 1-0: Called Strike 1-1: Ball 2-1: Ball 3-1: Base on Balls
|
|
Batting: LHB John Carter
|
0-0: Called Strike 0-1: Ground out U3 (Groundball, 3S, EV 75.6 MPH)
|
| Top of the 2nd over - 0 runs, 0 hits, 0 errors, 1 left on base; Louisiana State University 1 - Mississippi State University 0 |
| BOTTOM OF THE 2ND |
|
Mississippi State University Bulldogs batting - Pitching for Louisiana State University Tigers : LHP Logan Corrigan
|
|
Batting: LHB Danny Shanahan
|
0-0: Ball 1-0: DOUBLE (Groundball, 3D, EV 106.9 MPH)
|
|
Batting: RHB Ippei Ishida
|
0-0: Called Strike 0-1: Ball 1-1: Fly out, F9 (Flyball, 89D, EV 101.2 MPH) Runner from 2nd tags up, SAFE at 3rd, no throw by RF
|
|
Batting: LHB Vinnie Kalman
|
0-0: Swinging Strike 0-1: Foul Ball, location: 2F 0-2: Ground out 4-3 (Groundball, 34, EV 101.2 MPH) Danny Shanahan scores
|
|
Batting: RHB Esteban Rangel
|
0-0: Ball 1-0: Ball 2-0: Ball 3-0: Called Strike 3-1: Ground out 6-3 (Groundball, 6, EV 83.1 MPH)
|
| Bottom of the 2nd over - 1 run, 1 hit, 0 errors, 0 left on base; Louisiana State University 1 - Mississippi State University 1 |
| TOP OF THE 3RD |
|
Louisiana State University Tigers batting - Pitching for Mississippi State University Bulldogs : RHP Reginald Bamber
|
|
Batting: LHB Manny Grado
|
0-0: Ball 1-0: Ground out U3 (Groundball, 3, EV 86.9 MPH)
|
|
Batting: RHB Byung-hee Jee
|
0-0: Foul Ball, location: 2F 0-1: Swinging Strike 0-2: Ball 1-2: Ball 2-2: Ground out U3 (Groundball, 34, EV 105.0 MPH)
|
|
Batting: RHB Zachary Acker
|
0-0: Ball 1-0: Ball 2-0: Ball 3-0: Base on Balls
|
|
Batting: RHB Steve McCoig
|
0-0: Ball Zachary Acker is caught stealing 2nd base 2-4
|
| Top of the 3rd over - 0 runs, 0 hits, 0 errors, 0 left on base; Louisiana State University 1 - Mississippi State University 1 |
| BOTTOM OF THE 3RD |
|
Mississippi State University Bulldogs batting - Pitching for Louisiana State University Tigers : LHP Logan Corrigan
|
|
Batting: RHB Wei-fang Ping
|
0-0: Ball 1-0: Ball 2-0: Ball 3-0: Called Strike 3-1: Ground out 4-3 (Groundball, 4S, EV 90.0 MPH)
|
|
Batting: LHB Dave Cook
|
0-0: DOUBLE (Flyball, 8LXD, EV 91.9 MPH)
|
|
Batting: LHB Adrian Navarro
|
0-0: Swinging Strike 0-1: Swinging Strike 0-2: Ball 1-2: Strikes out swinging
|
|
Batting: RHB Jason Rhodes
|
0-0: SINGLE (Line Drive, 56D, EV 103.8 MPH) Dave Cook to third Runner from 3rd tries for Home, SAFE, throw by LF to home
|
|
Batting: RHB Alexis Gallegos
|
0-0: Swinging Strike 0-1: Fly out, F7 (Flyball, 78S, EV 96.9 MPH)
|
| Bottom of the 3rd over - 1 run, 2 hits, 0 errors, 1 left on base; Louisiana State University 1 - Mississippi State University 2 |
| TOP OF THE 4TH |
|
Louisiana State University Tigers batting - Pitching for Mississippi State University Bulldogs : RHP Reginald Bamber
|
|
Batting: RHB Steve McCoig
|
0-0: Called Strike 0-1: Called Strike 0-2: Foul Ball, location: 2F 0-2: Foul Ball, location: 2F 0-2: Ball 1-2: Ball 2-2: Fly out, F8 (Flyball, 8RD, EV 102.5 MPH)
|
|
Batting: RHB Michael Maier
|
0-0: Ball 1-0: Called Strike 1-1: Swinging Strike 1-2: Ball 2-2: Ground out 5-3 (Groundball, 56S, EV 89.4 MPH)
|
|
Batting: SHB Graham Beamish
|
0-0: Ball 1-0: Foul Ball, location: 2F 1-1: Swinging Strike 1-2: SINGLE (Groundball, 4MD, EV 97.5 MPH)
|
|
Batting: SHB Stone Fraser
|
0-0: Ball 1-0: Ball 2-0: SINGLE (Groundball, 34, EV 89.4 MPH) (infield hit) Graham Beamish to second
|
|
Batting: LHB Earl Silver
|
0-0: Ball 1-0: 3-RUN HOME RUN (Flyball, 9D, EV 95.0 MPH), Distance : 381 ft
|
|
Batting: LHB John Carter
|
0-0: Called Strike 0-1: Ball 1-1: Swinging Strike 1-2: Foul Ball, location: 2F 1-2: Ball 2-2: Ball 3-2: Base on Balls
|
|
Batting: LHB Manny Grado
|
0-0: Ball John Carter steals 2nd base 1-0: Ball 2-0: Called Strike 2-1: Foul Ball, location: 2F 2-2: Ball 3-2: Strikes out swinging
|
| Top of the 4th over - 3 runs, 3 hits, 0 errors, 1 left on base; Louisiana State University 4 - Mississippi State University 2 |
| BOTTOM OF THE 4TH |
|
Mississippi State University Bulldogs batting - Pitching for Louisiana State University Tigers : LHP Logan Corrigan
|
|
Batting: LHB Danny Shanahan
|
0-0: Ball 1-0: Foul Ball, location: 2F 1-1: Ball 2-1: Swinging Strike 2-2: Strikes out looking
|
|
Batting: RHB Ippei Ishida
|
0-0: Called Strike 0-1: Foul Ball, location: 2F 0-2: Strikes out swinging
|
|
Batting: LHB Vinnie Kalman
|
0-0: Ball 1-0: Ball 2-0: Called Strike 2-1: Foul Ball, location: 2F 2-2: Ground out U3 (Groundball, 3, EV 79.4 MPH)
|
| Bottom of the 4th over - 0 runs, 0 hits, 0 errors, 0 left on base; Louisiana State University 4 - Mississippi State University 2 |
| TOP OF THE 5TH |
|
Louisiana State University Tigers batting - Pitching for Mississippi State University Bulldogs : RHP Reginald Bamber
|
|
Now in RF: Ewan Cole
|
|
|
Batting: RHB Byung-hee Jee
|
0-0: Ball 1-0: Called Strike 1-1: Foul Ball, location: 2F 1-2: DOUBLE (Line Drive, 7LS, EV 111.9 MPH)
|
|
Batting: RHB Zachary Acker
|
0-0: Called Strike 0-1: Swinging Strike 0-2: Ball 1-2: Ball 2-2: Strikes out swinging
|
|
Batting: RHB Stewart Walker
|
0-0: Ball 1-0: Ball 2-0: Fly out, F4 (Popup, 34S, EV 83.8 MPH)
|
|
Batting: RHB Michael Maier
|
0-0: Ball 1-0: Ground out U3 (Groundball, 34S, EV 76.2 MPH)
|
| Top of the 5th over - 0 runs, 1 hit, 0 errors, 1 left on base; Louisiana State University 4 - Mississippi State University 2 |
| BOTTOM OF THE 5TH |
|
Mississippi State University Bulldogs batting - Pitching for Louisiana State University Tigers : LHP Logan Corrigan
|
|
Now at 2B: Mike Catalano
|
|
|
Now in RF: Elvin Ruffolo
|
|
|
Batting: RHB Esteban Rangel
|
0-0: Called Strike 0-1: Called Strike 0-2: Ball 1-2: Strikes out swinging
|
|
Batting: RHB Wei-fang Ping
|
0-0: Ball 1-0: Called Strike 1-1: SINGLE (Groundball, 4M, EV 78.1 MPH) (infield hit)
|
|
Batting: LHB Dave Cook
|
0-0: Called Strike 0-1: Ball 1-1: Ball 2-1: Swinging Strike 2-2: Ball 3-2: Base on Balls Wei-fang Ping to second
|
|
Batting: LHB Ewan Cole
|
0-0: Called Strike 0-1: Reached via error on a dropped throw from 3B, E4 (Groundball, 56S, EV 80.0 MPH) Wei-fang Ping to third Dave Cook to second
|
|
Batting: RHB Jason Rhodes
|
0-0: Foul Ball, location: 2F 0-1: Fly out, F8 (Flyball, 8RD, EV 93.1 MPH) Runner from 3rd tags up, SCORES, throw by CF Dave Cook to third
|
|
Batting: RHB Alexis Gallegos
|
0-0: Foul Ball, location: 2F 0-1: Ball 1-1: Foul Ball, location: 2F 1-2: Strikes out swinging
|
| Bottom of the 5th over - 1 run, 1 hit, 1 error, 2 left on base; Louisiana State University 4 - Mississippi State University 3 |
| TOP OF THE 6TH |
|
Louisiana State University Tigers batting - Pitching for Mississippi State University Bulldogs : RHP Reginald Bamber
|
|
Now at C: Chris Everett
|
|
|
Batting: SHB Graham Beamish
|
0-0: Ball 1-0: Foul Ball, location: 2F 1-1: Swinging Strike 1-2: Ball 2-2: Foul Ball, location: 2F 2-2: SOLO HOME RUN (Flyball, 9D, EV 96.2 MPH), Distance : 387 ft
|
|
Batting: SHB Stone Fraser
|
0-0: Ground out 5-3 (Groundball, 56, EV 100.0 MPH)
|
|
Pinch Hitting: SHB Brian Caruso
|
0-0: Called Strike 0-1: Ball 1-1: Called Strike 1-2: Strikes out swinging
|
|
Batting: LHB John Carter
|
0-0: Called Strike 0-1: Foul Ball, location: 2F 0-2: Ball 1-2: Foul Ball, location: 2F 1-2: Foul Ball, location: 2F 1-2: Foul Ball, location: 2F 1-2: Ground out 6-3 (Groundball, 6, EV 84.4 MPH)
|
| Top of the 6th over - 1 run, 1 hit, 0 errors, 0 left on base; Louisiana State University 5 - Mississippi State University 3 |
| BOTTOM OF THE 6TH |
|
Mississippi State University Bulldogs batting - Pitching for Louisiana State University Tigers : LHP Logan Corrigan
|
|
Pitching: RHP Nick McCoy
|
|
|
Now at 1B: Jon Valdez
|
|
|
Now in LF: Brian Caruso
|
|
|
Pinch Hitting: LHB Ricardo Ramos
|
0-0: Swinging Strike 0-1: Ball 1-1: Foul Ball, location: 2F 1-2: Strikes out looking
|
|
Batting: RHB Ippei Ishida
|
0-0: Ball 1-0: Ground out 1-3 (Groundball, 34S, EV 71.2 MPH)
|
|
Batting: LHB Vinnie Kalman
|
0-0: Called Strike 0-1: Foul Ball, location: 2F 0-2: Ball 1-2: Foul Ball, location: 2F 1-2: Strikes out swinging
|
| Bottom of the 6th over - 0 runs, 0 hits, 0 errors, 0 left on base; Louisiana State University 5 - Mississippi State University 3 |
| TOP OF THE 7TH |
|
Louisiana State University Tigers batting - Pitching for Mississippi State University Bulldogs : RHP Reginald Bamber
|
|
Now at 1B: Benjamin Alderdice
|
|
|
Now in LF: Ricardo Ramos
|
|
|
Batting: RHB Elvin Ruffolo
|
0-0: Called Strike 0-1: Ball 1-1: Ground out 5-3 (Groundball, 56S, EV 68.8 MPH)
|
|
Batting: RHB Byung-hee Jee
|
0-0: Foul Ball, location: 2F 0-1: Ball 1-1: Called Strike 1-2: Ball 2-2: Ball 3-2: Foul Ball, location: 2F 3-2: Foul Ball, location: 2F 3-2: Ground out 4-3 (Groundball, 4, EV 102.5 MPH)
|
|
Batting: LHB Jon Valdez
|
0-0: Foul Ball, location: 2F 0-1: Swinging Strike 0-2: Foul Ball, location: 2F 0-2: Ball 1-2: Ground out 4-3 (Groundball, 4, EV 76.9 MPH)
|
| Top of the 7th over - 0 runs, 0 hits, 0 errors, 0 left on base; Louisiana State University 5 - Mississippi State University 3 |
| BOTTOM OF THE 7TH |
|
Mississippi State University Bulldogs batting - Pitching for Louisiana State University Tigers : RHP Nick McCoy
|
|
Pitching: RHP Chris Douglas
|
|
|
Batting: RHB Benjamin Alderdice
|
0-0: Swinging Strike 0-1: Foul Ball, location: 2F 0-2: Strikes out swinging
|
|
Batting: RHB Chris Everett
|
0-0: Ball 1-0: Ground out 6-3 (Groundball, 6, EV 79.4 MPH)
|
|
Batting: SHB Daisuke Yamamoto
|
0-0: Ball 1-0: Called Strike 1-1: Swinging Strike 1-2: Strikes out swinging
|
| Bottom of the 7th over - 0 runs, 0 hits, 0 errors, 0 left on base; Louisiana State University 5 - Mississippi State University 3 |
| TOP OF THE 8TH |
|
Louisiana State University Tigers batting - Pitching for Mississippi State University Bulldogs : RHP Reginald Bamber
|
|
Batting: RHB Stewart Walker
|
0-0: Ball 1-0: Ball 2-0: Foul Ball, location: 2F 2-1: Ball 3-1: Foul Ball, location: 2F 3-2: Base on Balls
|
|
Pitching: RHP Tony Renteria
|
|
|
Batting: RHB Mike Catalano
|
0-0: Ball 1-0: Bunt missed! 1-1: Bunted foul 1-2: Ball 2-2: Foul Ball, location: 2F 2-2: Ball 3-2: Fly out, F8 (Flyball, 8RD, EV 86.9 MPH)
|
|
Batting: SHB Graham Beamish
|
0-0: Ball 1-0: Foul Ball, location: 2F 1-1: Foul Ball, location: 2F 1-2: Foul Ball, location: 2F 1-2: Fielders Choice at 2nd, 5-4 (Groundball, 5L, EV 87.5 MPH)
|
|
Batting: SHB Stone Fraser
|
0-0: Ball Wild Pitch! Graham Beamish to second 1-0: Swinging Strike 1-1: Ball 2-1: Ball 3-1: Swinging Strike 3-2: Base on Balls
|
|
Batting: SHB Brian Caruso
|
0-0: Ball 1-0: Called Strike 1-1: Foul Ball, location: 2F 1-2: Ball Passed Ball! Graham Beamish to third Stone Fraser to second 2-2: Ball 3-2: Foul Ball, location: 2F 3-2: Foul Ball, location: 2F 3-2: SINGLE (Groundball, 34D, EV 103.8 MPH) Graham Beamish scores Stone Fraser to third
|
|
Batting: LHB John Carter
|
0-0: Called Strike 0-1: SINGLE (Flyball, 4D, EV 90.0 MPH) Stone Fraser scores Brian Caruso to second Runner from 2nd tries for 3rd, SAFE, throw by RF made to third
|
|
Batting: RHB Elvin Ruffolo
|
0-0: Ball 1-0: Ball 2-0: Foul Ball, location: 2F 2-1: Swinging Strike 2-2: Foul Ball, location: 2F 2-2: Ball 3-2: Foul Ball, location: 2F 3-2: Base on Balls John Carter to second
|
|
Batting: RHB Byung-hee Jee
|
0-0: Called Strike 0-1: Ball 1-1: Foul Ball, location: 2F 1-2: Foul Ball, location: 2F 1-2: Ball 2-2: Ground out 4-3 (Groundball, 34, EV 109.4 MPH)
|
| Top of the 8th over - 2 runs, 2 hits, 0 errors, 3 left on base; Louisiana State University 7 - Mississippi State University 3 |
| BOTTOM OF THE 8TH |
|
Mississippi State University Bulldogs batting - Pitching for Louisiana State University Tigers : RHP Chris Douglas
|
|
Batting: LHB Ewan Cole
|
0-0: Called Strike 0-1: Called Strike 0-2: Foul Ball, location: 2F 0-2: SINGLE (Line Drive, 89S, EV 100.0 MPH)
|
|
Batting: RHB Jason Rhodes
|
0-0: Ball 1-0: Fly out, F9 (Line Drive, 9, EV 88.8 MPH)
|
|
Batting: RHB Alexis Gallegos
|
0-0: Called Strike 0-1: Foul Ball, location: 2F 0-2: Ball 1-2: Foul Ball, location: 2F 1-2: Ball 2-2: Strikes out swinging
|
|
Batting: LHB Ricardo Ramos
|
0-0: Fly out, F7 (Flyball, 78M, EV 85.0 MPH)
|
| Bottom of the 8th over - 0 runs, 1 hit, 0 errors, 1 left on base; Louisiana State University 7 - Mississippi State University 3 |
| TOP OF THE 9TH |
|
Louisiana State University Tigers batting - Pitching for Mississippi State University Bulldogs : RHP Tony Renteria
|
|
Batting: LHB Jon Valdez
|
0-0: Called Strike 0-1: Ball 1-1: Ball 2-1: Called Strike 2-2: Foul Ball, location: 2F 2-2: Ball 3-2: SINGLE (Groundball, 25, EV 68.8 MPH) (infield hit)
|
|
Batting: SHB Paul Blaylock
|
0-0: Ball 1-0: Ball 2-0: Foul Ball, location: 2F 2-1: Foul Ball, location: 2F 2-2: Ball 3-2: Fly out, F6 (Popup, 6, EV 58.8 MPH)
|
|
Batting: RHB Mike Catalano
|
0-0: Called Strike 0-1: Ball Jon Valdez steals 2nd base 1-1: Foul Ball, location: 2F 1-2: Strikes out swinging
|
|
Batting: SHB Graham Beamish
|
0-0: Foul Ball, location: 2F 0-1: Ball 1-1: Foul Ball, location: 2F 1-2: Ball 2-2: Fly out, F7 (Flyball, 78M, EV 76.9 MPH)
|
| Top of the 9th over - 0 runs, 1 hit, 0 errors, 1 left on base; Louisiana State University 7 - Mississippi State University 3 |
| BOTTOM OF THE 9TH |
|
Mississippi State University Bulldogs batting - Pitching for Louisiana State University Tigers : RHP Chris Douglas
|
|
Pitching: LHP Bob Arms
|
|
|
Batting: RHB Ippei Ishida
|
0-0: Ball 1-0: Fly out, F4 (Popup, 34, EV 65.6 MPH)
|
|
Batting: LHB Vinnie Kalman
|
0-0: Called Strike 0-1: Ground out U3 (Groundball, 34, EV 85.0 MPH)
|
|
Pinch Hitting: RHB Alvin Abarca
|
0-0: Ball 1-0: Swinging Strike 1-1: Ball 2-1: Foul Ball, location: 2F 2-2: Ground out 6-3 (Groundball, 6, EV 86.2 MPH)
|
| Bottom of the 9th over - 0 runs, 0 hits, 0 errors, 0 left on base; Louisiana State University 7 - Mississippi State University 3 |
|